 Dungeon Crawl Stone Soup version 0.20-a0-1086-g4bd2f5b (webtiles) character file.

583 kuniqs the Skirmisher (level 7, -6/44 HPs)
             Began as a Gargoyle Gladiator on May 1, 2017.
             Mangled by a two-headed ogre
             ... wielding a +0 giant spiked club
              (26 damage)
             ... on level 4 of the Dungeon.
             The game lasted 00:04:41 (2727 turns).

kuniqs the Skirmisher (Gargoyle Gladiator)          Turns: 2727, Time: 00:04:42

Health: -6/44      AC: 12    Str: 18    XL:     7   Next: 37%
Magic:  7/7        EV: 12    Int:  8    God:
Gold:   169        SH:  0    Dex: 13    Spells: 6/6 levels left

rFire    + . .     SeeInvis .   E - +0 falchion (slice)
rCold    + . .     Gourm    .   (no shield)
rNeg     + . .     Faith    .   A - +0 ring mail
rPois    ∞         Spirit   .   g - +0 helmet
rElec    +         Reflect  .   (no cloak)
rCorr    +         Harm     .   x - +0 pair of gloves
MR       .....                  (no boots)
Stlth    +.........             (no amulet)
Regen    0.2/turn               (no ring)
MPRegen  0.1/turn               (no ring)

@: resistant
A: negative energy resistance 1, electricity resistance, unbreathing,
petrification resistance, rot immunity, AC +4
a: no special abilities


You were on level 4 of the Dungeon.
You were not hungry.

You visited 1 branch of the dungeon, and saw 4 of its levels.

You collected 169 gold pieces.

Inventory:

Hand Weapons
 a - a +0 long sword
 E - a +0 falchion of slicing (weapon)
Missiles
 j - 3 throwing nets (quivered)
 q - 4 javelins of returning
Armour
 g - a +0 helmet (worn)
 x - a +0 pair of gloves (worn)
 A - a +0 ring mail (worn)
Jewellery
 s - an uncursed ring of protection from fire {unknown}
 v - a +4 ring of strength {unknown}
 w - an uncursed ring of resist corrosion {unknown}
 y - an uncursed ring of resist corrosion {unknown}
Scrolls
 b - 2 scrolls of recharging {unknown}
 h - a scroll of immolation {unknown}
 k - 2 scrolls of remove curse {unknown}
 l - a scroll of fog {unknown}
 o - a scroll of teleportation {unknown}
 p - a scroll of identify {unknown}
 u - a scroll of enchant weapon {unknown}
 B - a scroll of random uselessness {unknown}
Potions
 i - a potion of magic
 m - a potion of lignification {unknown}
 n - a potion of resistance
 r - a potion of curing {unknown}
 t - a potion of might {unknown}
 z - a potion of berserk rage {unknown}
 C - a potion of heal wounds {unknown}
Comestibles
 c - a royal jelly
 d - 4 bread rations
 e - 3 meat rations
 f - 3 fruits


   Skills:
 + Level 4.7 Fighting
 + Level 4.4 Long Blades
 - Level 1.7 Throwing
 + Level 3.7 Armour
 + Level 4.0 Dodging


You had 6 spell levels left.
You didn't know any spells.

Dungeon Overview and Level Annotations

Branches:
Dungeon (4/15)
 Temple: D:4-7

Altars:
Elyvilon
Gozag
Wu Jian
Yredelemnul

Annotations:
D:4 Dowan, Duvessa


Innate Abilities, Weirdness & Mutations

You are resistant to torment.
Your stone body is resilient. (AC +4)
You are immune to poison.
You resist negative energy. (rN+)
You are resistant to electric shocks. (rElec)
You can survive without breathing.
You are immune to petrification.
You are immune to rotting.


Message History

There is an ornate altar of the Wu Jian Council here.
It was a potion of resistance.
You feel protected.
There is an open door here.
You enter the shallow water.
Moving in this stuff is going to be slow.
A two-headed ogre comes into view.
It is wielding a giant spiked club and a giant club.
The two-headed ogre shouts in stereo!
Wield which item (- for none, * to show all)? (? for menu, Esc to quit)
That's the wrong kind of item! (Use * to select it.) Wield which item (- for none, * to show all)? (? for menu, Esc to quit)
E - a +0 falchion of slicing (weapon)
You hit the two-headed ogre.
The two-headed ogre hits you with a giant spiked club.
The two-headed ogre hits you with a giant club!!
Ouch! That really hurt!
You hit the two-headed ogre.
The two-headed ogre hits you with a giant spiked club!!
Ouch! That really hurt!
You die...

#.##.##.#.......
#.#.##)##...#.....
#.#.##.########.##
#.#.#...........#
#.#.#############
#.#.......#
#.#######.# #O#
#.# #@# #.# #.#
#.# #.#######.##
#.....≈≈≈≈≈#
#####.≈###≈#
#..'_#≈# ##≈###≈#
#≈≈≈≈≈# #######


You could see a two-headed ogre.

Vanquished Creatures
  Sigmund (D:4)
  Menkaure (D:4)
  A water moccasin skeleton (D:4)
  An orc priest (D:3)
  3 orc wizards
  A worker ant (D:4)
  Robin (D:3)
  3 adders
  2 dart slugs
  9 orcs
  4 giant cockroaches
  8 hobgoblins
  11 jackals
  2 quokkas
  A ball python (D:1)
  6 bats
  4 frilled lizards
  11 goblins
  A jackal skeleton (D:3)
  4 kobolds
  3 rats
  A spectral orc (D:2)
79 creatures vanquished.

Notes
Turn   | Place    | Note
-------+----------+-------------------------------------------
     0 | D:1      | kuniqs the Gargoyle Gladiator began the quest for the Orb.
     0 | D:1      | Reached XP level 1. HP: 12/12 MP: 1/1
   163 | D:1      | Reached XP level 2. HP: 16/18 MP: 2/2
   430 | D:1      | Reached skill level 1 in Armour
   454 | D:1      | Reached XP level 3. HP: 22/22 MP: 3/3
   803 | D:2      | Found a basalt altar of Yredelemnul.
   863 | D:2      | Found a white marble altar of Elyvilon.
  1089 | D:3      | Reached XP level 4. HP: 25/28 MP: 4/4
  1221 | D:3      | Found an opulent altar of Gozag.
  1765 | D:4      | Reached XP level 5. HP: 19/32 MP: 5/5
  1983 | D:4      | Noticed Robin
  1999 | D:3      | Killed Robin
  2056 | D:4      | Noticed Menkaure
  2057 | D:4      | Noticed Duvessa
  2057 | D:4      | Noticed Dowan
  2081 | D:4      | Killed Menkaure
  2081 | D:4      | Reached XP level 6. HP: 38/38 MP: 6/6
  2514 | D:4      | Noticed Sigmund
  2545 | D:4      | Killed Sigmund
  2545 | D:4      | Reached XP level 7. HP: 24/44 MP: 7/7
  2710 | D:4      | Found an ornate altar of the Wu Jian Council.
  2721 | D:4      | Noticed a two-headed ogre
  2727 | D:4      | Mangled by a two-headed ogre

Vault maps used:
D:1:      dpeg_arrival_concentric_ovals, kennysheep_flooded_box
D:2:      yredelemnul_forgotten_temple_becter, lemuel_crystal_altar
D:3:      grunt_gozag_statues, first_bread
D:4:      kennysheep_mini_moat, uniq_sigmund, uniq_robin, uniq_menkaure,
          uniq_duvessa

Skill      XL: |  1  2  3  4  5  6 |
---------------+-------------------+-----
Armour         | 1 2 3 |  3.7
Long Blades    | 3 4 |  4.4
Fighting       | 3 4 |  4.7
Dodging        | 3 4 |  4.0
Throwing       | |  1.7

Action                   |  1- 3 |  4- 6 |  7- 9 || total
-------------------------+-------+-------+-------++-------
Melee: Long sword        |    86 |   136 |     6 ||   228
       Falchion          |       |    39 |     2 ||    41
  Use: Scroll            |       |     1 |       ||     1
       Potion            |       |     1 |     1 ||     2
 Stab: Sleeping          |       |     1 |       ||     1
  Eat: Chunk             |     1 |     5 |       ||     6
Armor: Leather armour    |    39 |     7 |       ||    46
       Ring mail         |       |    72 |     3 ||    75
Dodge: Dodged            |    74 |   126 |     4 ||   204
       Rpst.: Long sword |    22 |    40 |     1 ||    63
       Falchion          |       |     1 |       ||     1
